 Dungeon Crawl Stone Soup version 0.31-a0-4-gefa6de2278 (webtiles) character file.

Game seed: 214723982309884128

119 Dordric the Grasshopper (level 5, -8/38 HPs)
             Began as a Human Warper on May 3, 2023.
             Mangled by Grinder (9 damage)
             ... on level 3 of the Dungeon.
             The game lasted 00:02:35 (2570 turns).

Dordric the Grasshopper (Human Warper)              Turns: 2570, Time: 00:02:35

Health: -8/38      AC:  4    Str: 11    XL:     5   Next: 23%
Magic:  6/8        EV: 12    Int: 14    God:
Gold:   198        SH:  0    Dex: 14    Spells: 6/8 levels left

rFire   . . .        f - +1 short sword (drain)
rCold   . . .        (no shield)
rNeg    . . .        b - +0 leather armour
rPois   .            (no helmet)
rElec   .            v - +0 cloak
rCorr   .            (no gloves)
SInv    .            (no boots)
Will    .....        (no amulet)
Stlth   +            (no ring)
HPRegen 0.26/turn    (no ring)
MPRegen 0.11/turn

%: no passive effects
@: very slightly contaminated
A: no striking features
a: no special abilities


You were on level 3 of the Dungeon.
You visited 1 branch of the dungeon, and saw 3 of its levels.

You collected 198 gold pieces.

Inventory:

Hand Weapons
 a - a +0 falchion
 f - a +1 short sword of draining (weapon)
 y - a +2 dagger of venom
Missiles
 d - 7 boomerangs of dispersal (quivered)
 k - 4 boomerangs
Armour
 b - a +0 leather armour (worn)
 s - a +0 chain mail
 v - a +0 cloak (worn)
Scrolls
 c - 2 scrolls of blinking
 e - 5 scrolls of identify {unknown}
 h - 4 scrolls of noise {unknown}
 l - a scroll of poison {unknown}
 p - a scroll of immolation {unknown}
 t - a scroll of silence {unknown}
 u - a scroll of fear {unknown}
 x - a scroll of enchant armour {unknown}
Potions
 g - a potion of brilliance {unknown}
 i - a potion of curing {unknown}
 j - a potion of magic {unknown}
 m - a potion of lignification {unknown}
 n - a potion of degeneration {unknown}
 o - a potion of mutation {unknown}
 q - a potion of heal wounds {unknown}
 r - a potion of might {unknown}
 w - a potion of resistance {unknown}


   Skills:
 - Level 2.0 Fighting
 + Level 3.7 Long Blades
 - Level 1.0 Throwing
 - Level 1.1 Armour
 - Level 2.0 Dodging
 - Level 2.0 Spellcasting
 + Level 4.3 Translocations


You had 6 spell levels left.
You knew the following spells:

 Your Spells              Type           Power      Damage    Failure   Level
a - Blink                 Tloc           26%        N/A       8%          2

Your spell library contained the following spells:

 Spells                   Type           Power      Damage    Failure   Level
 Lesser Beckoning         Tloc           26%        N/A       8%          2
 Teleport Other           Tloc           13%        N/A       16%         3
 Vhi's Electric Charge    Tloc/Air       14%        N/A       36%         3
 Manifold Assault         Tloc           13%        N/A       45%         4


Dungeon Overview and Level Annotations

Branches:
Dungeon (3/15)

Altars:
Vehumet
Wu Jian

Shops:
D:1 =

Annotations:
D:3 Grinder


Message History

No target in view!
Grinder comes into view.
Grinder shouts!
Grinder is nearby!
Grinder is nearby!
Your +2 dagger of venom stops dripping with poison.
You sense an unholy aura.
f - a +1 short sword of draining (weapon)
Grinder gestures at you.
You suddenly lose the ability to move!
Grinder blinks!
Grinder hits you. Grinder gestures at you.
You shrug off the repeated paralysis!
You can move again.
You closely miss Grinder.
Grinder says, "FISH!"
Grinder hits you!
You writhe in agony.
You hit Grinder.
Grinder is lightly wounded.
Grinder gestures at you. Pain shoots through your body!
You hit Grinder.
Grinder is lightly wounded.
Grinder hits you!
You writhe in agony.
* * * LOW HITPOINT WARNING * * *
You hit Grinder.
Grinder is lightly wounded.
You hit Grinder.
Grinder is lightly wounded.
Grinder hits you.
* * * LOW HITPOINT WARNING * * *
You writhe in agony.
* * * LOW HITPOINT WARNING * * *
Casting: Blink (safe; 8% risk of failure)
Confirm with . or Enter, or press ? or * to list all spells.
You miscast Blink.
You are very lightly contaminated with residual magic.
Nothing appears to happen.
Grinder hits you!
You die...

##### #####.#.# ...
.....$..##########
#.#
......#@##........
... #.# #####
#.5......# .. #.#
#.##..⌠.## ⌠. ####.#
#.##...## . ...#.# #
#.##..## . ##.#.#
#.#†##.## #
##.#.#########.#....#
#
....................#
#
#######.########.#..#
#


You could see Grinder.

Vanquished Creatures
  Natasha (D:2)
  3 adders (D:3)
  3 dart slugs
  3 orcs (D:3)
  6 endoplasms
  A giant cockroach (D:1)
  2 goblins (D:2)
  8 hobgoblins
  2 jackals (D:1)
  5 kobolds
  5 quokkas
  7 ball pythons
  6 bats
  3 frilled lizards
  A rat (D:3)
56 creatures vanquished.

Notes
Turn   | Place    | Note
-------+----------+-------------------------------------------
     0 | D:1      | Dordric the Human Warper began the quest for the Orb.
     0 | D:1      | Reached XP level 1. HP: 16/16 MP: 3/3
    90 | D:1      | Found Yhamnu's Jewellery Shop.
   167 | D:1      | Reached XP level 2. HP: 22/22 MP: 5/5
   401 | D:1      | Reached XP level 3. HP: 13/27 MP: 6/6
   606 | D:1      | Found a faded altar of an unknown god.
  1031 | D:1      | Learned a level 2 spell: Blink
  1469 | D:2      | Reached XP level 4. HP: 33/33 MP: 7/7
  1646 | D:2      | Noticed Natasha
  1653 | D:2      | Killed Natasha
  1654 | D:2      | Reached skill level 4 in Translocations
  1994 | D:3      | Found a radiant altar of Vehumet.
  2064 | D:3      | Found an ornate altar of the Wu Jian Council.
  2128 | D:3      | Reached XP level 5. HP: 35/38 MP: 8/8
  2556 | D:3      | Noticed Grinder
  2560 | D:3      | Paralysed by Grinder for 5 turns
  2569 | D:3      | HP: 1/38 [Grinder (5)]
  2570 | D:3      | Mangled by Grinder

Illustrated notes

Levels and vault maps discovered:
D:1:      dpeg_arrival_rooms_with_view, layout_basic, serial_shops,
          nicolae_diamond_shop, shapermc_ecumenical_altar_mp_urbaneastern,
          minmay_cut_off
D:2:      layout_loops_cross, uniq_natasha
D:3:      wad_crossroads, layout_basic, nicolae_overflow_ecumenical_swirl,
          pdpol_wu_jian_five_deadly_venoms, kiku_gazebo_garden_becter,
          amcnicky_altar_gilded, uniq_grinder

Skill      XL: |  1  2  3  4 |
---------------+-------------+-----
Long Blades    | 3 |  3.7
Translocations | 4 |  4.3
Fighting       | |  2.0
Throwing       | |  1.0
Armour         | |  1.1
Dodging        | |  2.0
Spellcasting   | |  2.0

Action                     |  1- 3 |  4- 6 || total
---------------------------+-------+-------++-------
  Melee: Falchion          |    20 |       ||    20
         Short sword       |    77 |    64 ||   141
         Dagger            |       |     4 ||     4
         Punch             |       |     1 ||     1
   Stab: Sleeping          |     1 |       ||     1
 Armour: Leather armour    |    21 |    19 ||    40
  Dodge: Dodged            |    47 |    35 ||    82

Table legend: (Time is in decaauts)
 A = Elapsed time spent in this place.
 B = Non-inter-level travel time spent in this place.
 C = Inter-level travel time spent in this place.
 D = Time resting spent in this place.
 E = Time spent auto-exploring this place.
 F = Levels seen in this place.
 G = Mean time per level.
                   A        B        C        D        E       F      G
               +--------+--------+--------+--------+--------+-----+--------+
         Total |   2559 |   2446 |    113 |      0 |   2008 |   3 |  853.0 |
       Dungeon |   2559 |   2446 |    113 |      0 |   2008 |   3 |  853.0 |
               +--------+--------+--------+--------+--------+-----+--------+

Top non-repeatable levels by time:
     D:1: 1042 daAuts
     D:3: 822 daAuts
     D:2: 694 daAuts
